NYP
MINNESOTA (NYP) TWINS @ EVERETT AQUASOX
09/04/2048
 
TOP OF THE 1ST
Minnesota (NYP) Twins batting - Pitching for Everett AquaSox : RHP Josh Newell
Pitching: RHP Josh Newell
Batting: RHB David McClellan 0-0: Ground out 6-3 (Groundball, 6M, EV 110.6 MPH)
Batting: RHB Sergio Gomez 0-0: Ground out 6-3 (Groundball, 6, EV 83.8 MPH)
Batting: LHB Ryuuichi Shintani 0-0: Ball
1-0: Ball
2-0: Called Strike
2-1: Foul Ball, location: 2F
2-2: Ball
3-2: Foul Ball, location: 2F
3-2: Strikes out swinging
Top of the 1st over - 0 runs, 0 hits, 0 errors, 0 left on base; Minnesota (NYP) 0 - Everett 0
BOTTOM OF THE 1ST
Everett AquaSox batting - Pitching for Minnesota (NYP) Twins : LHP Sandy Benitez
Pitching: LHP Sandy Benitez
Batting: SHB Tony Morales 0-0: Ball
1-0: Called Strike
1-1: Ball
2-1: Fly out, F7 (Flyball, 78M, EV 90.6 MPH)
Batting: RHB Jose Zuniga 0-0: Called Strike
0-1: Ball
1-1: Ball
2-1: Foul Ball, location: 2F
2-2: Ball
3-2: Strikes out swinging
Batting: RHB Marco Diaz 0-0: Called Strike
0-1: Fly out, F3 (Line Drive, 34, EV 61.9 MPH)
Bottom of the 1st over - 0 runs, 0 hits, 0 errors, 0 left on base; Minnesota (NYP) 0 - Everett 0
TOP OF THE 2ND
Minnesota (NYP) Twins batting - Pitching for Everett AquaSox : RHP Josh Newell
Batting: RHB Steve Terrell 0-0: Ground out 6-3 (Groundball, 6, EV 84.4 MPH)
Batting: RHB Alexandre Garcia 0-0: Called Strike
0-1: Ball
1-1: Ball
2-1: Called Strike
2-2: Ball
3-2: Base on Balls
Batting: LHB Yasutoshi Hayashi 0-0: Ball
1-0: Ball
2-0: Foul Ball, location: 2F
2-1: Foul Ball, location: 2F
2-2: Fly out, F7 (Line Drive, 78M, EV 91.2 MPH)
Batting: LHB Jose Hilario 0-0: Called Strike
Alexandre Garcia steals 2nd, throwing error, E2
Alexandre Garcia to third
0-1: Called Strike
0-2: Strikes out looking
Top of the 2nd over - 0 runs, 0 hits, 1 error, 1 left on base; Minnesota (NYP) 0 - Everett 0
BOTTOM OF THE 2ND
Everett AquaSox batting - Pitching for Minnesota (NYP) Twins : LHP Sandy Benitez
Batting: LHB Chris Jackson 0-0: Foul Ball, location: 2F
0-1: Ball
1-1: Ball
2-1: Foul Ball, location: 2F
2-2: Ground out 6-3 (Groundball, 6, EV 99.4 MPH)
Batting: RHB Tai Joo 0-0: Called Strike
0-1: SINGLE (Line Drive, 7S, EV 87.5 MPH)
Batting: LHB William Gonzales 0-0: Ball
1-0: Called Strike
1-1: Ball
2-1: Called Strike
2-2: Foul Ball, location: 2F
2-2: Ball
3-2: Strikes out swinging
Batting: RHB Eddie Luna 0-0: Swinging Strike
0-1: Ball
1-1: Swinging Strike
1-2: Foul Ball, location: 2F
1-2: Strikes out looking
Bottom of the 2nd over - 0 runs, 1 hit, 0 errors, 1 left on base; Minnesota (NYP) 0 - Everett 0
TOP OF THE 3RD
Minnesota (NYP) Twins batting - Pitching for Everett AquaSox : RHP Josh Newell
Batting: LHB Ben Roth 0-0: Called Strike
0-1: Foul Ball, location: 2F
0-2: Ball
1-2: Ball
2-2: Strikes out swinging
Batting: SHB Juan Aguilar 0-0: Ball
1-0: Swinging Strike
1-1: Called Strike
1-2: Strikes out swinging
Batting: RHB David McClellan 0-0: Ball
1-0: TRIPLE (Flyball, 9LD, EV 98.8 MPH)
Batting: RHB Sergio Gomez 0-0: Ball
1-0: Ground out 5-3 (Groundball, 56, EV 78.8 MPH)
Top of the 3rd over - 0 runs, 1 hit, 0 errors, 1 left on base; Minnesota (NYP) 0 - Everett 0
BOTTOM OF THE 3RD
Everett AquaSox batting - Pitching for Minnesota (NYP) Twins : LHP Sandy Benitez
Batting: RHB Omar Solis 0-0: Ground out 6-3 (Groundball, 6, EV 87.5 MPH)
Batting: RHB James Bickel 0-0: Ball
1-0: Foul Ball, location: 2F
1-1: Ball
2-1: Ball
3-1: Base on Balls
Batting: SHB Tony Morales 0-0: Fly out, F2 (Popup, 23F, EV 87.5 MPH)
Batting: RHB Jose Zuniga 0-0: Foul Ball, location: 2F
0-1: Foul Ball, location: 2F
0-2: Ball
1-2: Ball
Pickoff Throw to First - Out! 1-3
Bottom of the 3rd over - 0 runs, 0 hits, 0 errors, 0 left on base; Minnesota (NYP) 0 - Everett 0
TOP OF THE 4TH
Minnesota (NYP) Twins batting - Pitching for Everett AquaSox : RHP Josh Newell
Batting: LHB Ryuuichi Shintani 0-0: Foul Ball, location: 2F
0-1: Foul Ball, location: 2F
0-2: Ball
1-2: Fly out, F8 (Flyball, 8RM, EV 80.6 MPH)
Batting: RHB Steve Terrell 0-0: Ball
1-0: Ball
2-0: Swinging Strike
2-1: Foul Ball, location: 2F
2-2: Foul Ball, location: 2F
2-2: Ball
3-2: Base on Balls
Batting: RHB Alexandre Garcia 0-0: Ball
1-0: Foul Ball, location: 2F
1-1: Ball
2-1: DOUBLE (Line Drive, 8RXD, EV 106.9 MPH)
Steve Terrell to third
Runner from 3rd tries for Home, SAFE, throw by CF to trailing runner, OUT at third! 8-3-5
Batting: LHB Yasutoshi Hayashi 0-0: Called Strike
0-1: Ground out 1-3 (Groundball, 34S, EV 68.8 MPH)
Top of the 4th over - 1 run, 1 hit, 0 errors, 0 left on base; Minnesota (NYP) 1 - Everett 0
BOTTOM OF THE 4TH
Everett AquaSox batting - Pitching for Minnesota (NYP) Twins : LHP Sandy Benitez
Batting: RHB Jose Zuniga 0-0: Ball
1-0: Foul Ball, location: 2F
1-1: Called Strike
1-2: Ball
2-2: Ball
3-2: Strikes out looking
Batting: RHB Marco Diaz 0-0: Ball
1-0: Swinging Strike
1-1: Ball
2-1: Called Strike
2-2: Strikes out swinging
Batting: LHB Chris Jackson 0-0: Ball
1-0: Called Strike
1-1: Foul Ball, location: 2F
1-2: Fly out, F8 (Line Drive, 8RD, EV 98.1 MPH)
Bottom of the 4th over - 0 runs, 0 hits, 0 errors, 0 left on base; Minnesota (NYP) 1 - Everett 0
TOP OF THE 5TH
Minnesota (NYP) Twins batting - Pitching for Everett AquaSox : RHP Josh Newell
Batting: LHB Jose Hilario 0-0: Called Strike
0-1: Ball
1-1: Ball
2-1: Swinging Strike
2-2: Strikes out looking
Batting: LHB Ben Roth 0-0: Called Strike
0-1: Ball
1-1: Ball
2-1: Foul Ball, location: 2F
2-2: Ball
3-2: Base on Balls
Batting: SHB Juan Aguilar 0-0: Called Strike
Ben Roth steals 2nd base
0-1: SINGLE (Line Drive, 7LS, EV 110.0 MPH)
Ben Roth to third
Runner from 3rd tries for Home, SAFE, throw by LF to home
Batting: RHB David McClellan 0-0: Fielders Choice at 2nd, 3-6 (Groundball, 34S, EV 88.8 MPH)
Batting: RHB Sergio Gomez 0-0: Called Strike
David McClellan steals 2nd base
0-1: Foul Ball, location: 2F
0-2: SINGLE (Line Drive, 89M, EV 103.1 MPH)
David McClellan to third
Runner from 3rd tries for Home, SAFE, throw by CF to home
Batting: LHB Ryuuichi Shintani 0-0: Called Strike
0-1: Swinging Strike
0-2: Ball
1-2: Fly out, F8 (Flyball, 8RD, EV 101.2 MPH)
Top of the 5th over - 2 runs, 2 hits, 0 errors, 1 left on base; Minnesota (NYP) 3 - Everett 0
BOTTOM OF THE 5TH
Everett AquaSox batting - Pitching for Minnesota (NYP) Twins : LHP Sandy Benitez
Now in LF: Jose Hilario
Now in CF: Ton van Dijk
Batting: RHB Tai Joo 0-0: Ball
1-0: Ball
2-0: Ball
3-0: Base on Balls
Batting: LHB William Gonzales 0-0: Called Strike
0-1: Foul Ball, location: 2F
0-2: Ball
1-2: Strikes out looking
Batting: RHB Eddie Luna 0-0: Called Strike
0-1: Ball
Wild Pitch!
Tai Joo to second
1-1: Ball
2-1: Ground out 4-3 (Groundball, 4, EV 86.2 MPH)
Tai Joo to third
Batting: RHB Omar Solis 0-0: Called Strike
0-1: Ball
1-1: Ball
2-1: Foul Ball, location: 2F
2-2: Ground out 4-3 (Groundball, 4S, EV 91.2 MPH)
Bottom of the 5th over - 0 runs, 0 hits, 0 errors, 1 left on base; Minnesota (NYP) 3 - Everett 0
TOP OF THE 6TH
Minnesota (NYP) Twins batting - Pitching for Everett AquaSox : RHP Josh Newell
Batting: RHB Steve Terrell 0-0: Ball
1-0: Ball
2-0: Fly out, F1 (Line Drive, P, EV 73.8 MPH)
Batting: RHB Alexandre Garcia 0-0: Called Strike
0-1: DOUBLE (Flyball, 8RXD, EV 95.6 MPH)
Pitching: LHP Chris Wheeler
Batting: LHB Yasutoshi Hayashi 0-0: Ball
1-0: Ball
Wild Pitch!
Alexandre Garcia to third
2-0: Ball
3-0: Called Strike
3-1: Base on Balls
Batting: LHB Jose Hilario 0-0: Ball
1-0: Foul Ball, location: 2F
1-1: Foul Ball, location: 2F
1-2: Fielders Choice at 2nd, 4-6 (Groundball, 4M, EV 90.6 MPH)
Alexandre Garcia scores
Batting: RHB Ton van Dijk 0-0: Called Strike
0-1: Ball
1-1: Ball
Wild Pitch!
Jose Hilario to second
Balk!
Jose Hilario to third
2-1: Ball
3-1: Base on Balls
Batting: SHB Juan Aguilar 0-0: Swinging Strike
0-1: Ball
1-1: Ball
2-1: Ball
3-1: Base on Balls
Ton van Dijk to second
Batting: RHB David McClellan 0-0: Called Strike
0-1: Fielders Choice at 2nd, 5-4 (Groundball, 56, EV 81.9 MPH)
Top of the 6th over - 1 run, 1 hit, 0 errors, 3 left on base; Minnesota (NYP) 4 - Everett 0
BOTTOM OF THE 6TH
Everett AquaSox batting - Pitching for Minnesota (NYP) Twins : LHP Sandy Benitez
Batting: RHB James Bickel 0-0: Called Strike
0-1: Called Strike
0-2: Foul Ball, location: 2F
0-2: Strikes out swinging
Batting: SHB Tony Morales 0-0: Ball
1-0: Foul Ball, location: 2F
1-1: SINGLE (Groundball, 56D, EV 95.6 MPH)
Batting: RHB Jose Zuniga 0-0: Called Strike
0-1: Ball
Tony Morales steals 2nd base (no throw)
1-1: DOUBLE (Flyball, 9LD, EV 99.4 MPH)
Tony Morales scores
Batting: RHB Marco Diaz 0-0: Ball
1-0: Ball
2-0: Ball
3-0: Called Strike
3-1: Base on Balls
Batting: LHB Chris Jackson 0-0: Ball
Wild Pitch!
Jose Zuniga to third
Marco Diaz to second
1-0: Called Strike
1-1: 3-RUN HOME RUN (Flyball, 9D, EV 96.9 MPH), Distance : 375 ft
Batting: RHB Tai Joo 0-0: Ball
1-0: Called Strike
1-1: Swinging Strike
1-2: Ball
2-2: Foul Ball, location: 2F
2-2: Foul Ball, location: 2F
2-2: Strikes out swinging
Batting: LHB William Gonzales 0-0: Ball
1-0: Swinging Strike
1-1: Ball
2-1: Foul Ball, location: 2F
2-2: Ball
3-2: Base on Balls
Pitching: RHP Larry Muttart
Batting: RHB Eddie Luna 0-0: Called Strike
0-1: Ball
1-1: Ball
2-1: Foul Ball, location: 2F
2-2: Ball
3-2: Base on Balls
William Gonzales to second
Batting: RHB Omar Solis 0-0: Called Strike
0-1: Fly out, F8 (Flyball, 8RS, EV 85.6 MPH)
Bottom of the 6th over - 4 runs, 3 hits, 0 errors, 2 left on base; Minnesota (NYP) 4 - Everett 4
TOP OF THE 7TH
Minnesota (NYP) Twins batting - Pitching for Everett AquaSox : LHP Chris Wheeler
Pitching: RHP Matt Lane
Batting: RHB Sergio Gomez 0-0: Called Strike
0-1: Called Strike
0-2: Ball
1-2: Ball
2-2: Ball
3-2: Strikes out swinging
Batting: LHB Ryuuichi Shintani 0-0: Called Strike
0-1: Fly out, F7 (Flyball, 7, EV 86.2 MPH)
Batting: RHB Steve Terrell 0-0: Ball
1-0: Foul Ball, location: 2F
1-1: Foul Ball, location: 2F
1-2: Ball
2-2: Foul Ball, location: 2F
2-2: Fly out, F3 (Line Drive, 3, EV 70.6 MPH)
Top of the 7th over - 0 runs, 0 hits, 0 errors, 0 left on base; Minnesota (NYP) 4 - Everett 4
BOTTOM OF THE 7TH
Everett AquaSox batting - Pitching for Minnesota (NYP) Twins : RHP Larry Muttart
Batting: RHB James Bickel 0-0: Called Strike
0-1: SINGLE (Groundball, 6MD, EV 98.8 MPH)
Batting: SHB Tony Morales 0-0: Foul Ball, location: 2F
0-1: Ball
1-1: Grounds into double play, U6-3 (Groundball, P, EV 94.4 MPH)
Batting: RHB Jose Zuniga 0-0: Reached on error, E6 (Groundball, 6, EV 108.1 MPH)
Batting: RHB Marco Diaz 0-0: Called Strike
0-1: Fly out, F9 (Flyball, 9D, EV 104.4 MPH)
Bottom of the 7th over - 0 runs, 1 hit, 1 error, 1 left on base; Minnesota (NYP) 4 - Everett 4
TOP OF THE 8TH
Minnesota (NYP) Twins batting - Pitching for Everett AquaSox : RHP Matt Lane
Batting: RHB Alexandre Garcia 0-0: Called Strike
0-1: Called Strike
0-2: Ball
1-2: Ball
2-2: Ball
3-2: Fly out, F7 (Flyball, 7, EV 83.8 MPH)
Batting: LHB Yasutoshi Hayashi 0-0: Called Strike
0-1: Foul Ball, location: 2F
0-2: Foul Ball, location: 2F
0-2: SINGLE (Line Drive, 89M, EV 105.6 MPH)
Pitching: RHP Ian Gaines
Batting: LHB Jose Hilario 0-0: Fly out, F8 (Line Drive, 8RD, EV 92.5 MPH)
Batting: RHB Ton van Dijk 0-0: Called Strike
Yasutoshi Hayashi steals 2nd base
0-1: Fly out, F7 (Line Drive, 7, EV 83.8 MPH)
Top of the 8th over - 0 runs, 1 hit, 0 errors, 1 left on base; Minnesota (NYP) 4 - Everett 4
BOTTOM OF THE 8TH
Everett AquaSox batting - Pitching for Minnesota (NYP) Twins : RHP Larry Muttart
Batting: LHB Chris Jackson 0-0: TRIPLE (Line Drive, 8LXD, EV 103.8 MPH)
Batting: RHB Tai Joo 0-0: Ground out 6-3 (Groundball, 6S, EV 81.2 MPH)
Batting: LHB William Gonzales 0-0: Ball
1-0: Called Strike
1-1: Ball
2-1: Ball
3-1: Swinging Strike
3-2: Base on Balls
Pitching: RHP Pat Adams
Batting: RHB Eddie Luna 0-0: Called Strike
0-1: Foul Ball, location: 2F
0-2: Ball
1-2: Ball
2-2: Ball
3-2: Strikes out swinging
Pinch Hitting: LHB Ryan Daniels 0-0: Called Strike
0-1: Ball
1-1: Foul Ball, location: 2F
1-2: Ball
2-2: Strikes out swinging
Bottom of the 8th over - 0 runs, 1 hit, 0 errors, 2 left on base; Minnesota (NYP) 4 - Everett 4
TOP OF THE 9TH
Minnesota (NYP) Twins batting - Pitching for Everett AquaSox : RHP Ian Gaines
Now at 3B: Jwahir Pili
Now at SS: Eddie Luna
Pinch Hitting: RHB Caleb Bockmann 0-0: Called Strike
0-1: Ball
1-1: Foul Ball, location: 2F
1-2: Ball
2-2: Ball
3-2: Strikes out looking
Pinch Hitting: LHB Tomas Espino 0-0: Ball
1-0: Fly out, F9 (Flyball, 9, EV 81.9 MPH)
Batting: RHB Sergio Gomez 0-0: Foul Ball, location: 2F
0-1: SINGLE (Groundball, 6D, EV 98.8 MPH)
Batting: LHB Ryuuichi Shintani 0-0: Called Strike
0-1: Ball
1-1: Foul Ball, location: 2F
1-2: Ball
2-2: Strikes out swinging
Top of the 9th over - 0 runs, 1 hit, 0 errors, 1 left on base; Minnesota (NYP) 4 - Everett 4
BOTTOM OF THE 9TH
Everett AquaSox batting - Pitching for Minnesota (NYP) Twins : RHP Pat Adams
Now at C: Ioan Biros
Now at 2B: Sergio Gomez
Now at 3B: Caleb Bockmann
Batting: RHB James Bickel 0-0: Ball
1-0: Ball
2-0: Ball
3-0: Called Strike
3-1: Called Strike
3-2: Strikes out looking
Batting: SHB Tony Morales 0-0: Fly out, F7 (Flyball, 78D, EV 103.1 MPH)
Batting: RHB Jose Zuniga 0-0: Ball
1-0: Foul Ball, location: 2F
1-1: Ball
2-1: Ground out 6-3 (Groundball, 6, EV 88.8 MPH)
Bottom of the 9th over - 0 runs, 0 hits, 0 errors, 0 left on base; Minnesota (NYP) 4 - Everett 4
TOP OF THE 10TH
Minnesota (NYP) Twins batting - Pitching for Everett AquaSox : RHP Ian Gaines
Pitching: RHP Dan Johnson
Batting: RHB Steve Terrell 0-0: Ball
1-0: Ball
2-0: Ball
3-0: Swinging Strike
3-1: Base on Balls
Batting: RHB Alexandre Garcia 0-0: Fly out, F8 (Line Drive, 8RS, EV 97.5 MPH)
Batting: LHB Yasutoshi Hayashi 0-0: Ball
1-0: Ball
2-0: Ball
3-0: Called Strike
3-1: Fielders Choice at 2nd, 6-4 (Groundball, 6, EV 103.1 MPH)
Batting: LHB Jose Hilario 0-0: Ball
1-0: Ball
2-0: Called Strike
2-1: Ball
3-1: Called Strike
3-2: Strikes out swinging
Top of the 10th over - 0 runs, 0 hits, 0 errors, 1 left on base; Minnesota (NYP) 4 - Everett 4
BOTTOM OF THE 10TH
Everett AquaSox batting - Pitching for Minnesota (NYP) Twins : RHP Pat Adams
Pitching: LHP Yeijiro Kimura
Batting: RHB Marco Diaz 0-0: Ball
1-0: Ball
2-0: Ball
3-0: Called Strike
3-1: Ground out 5-3 (Groundball, 5S, EV 61.9 MPH)
Batting: LHB Chris Jackson 0-0: Called Strike
0-1: Ground out U3 (Groundball, 3, EV 88.1 MPH)
Batting: RHB Tai Joo 0-0: Ball
1-0: Ball
2-0: Swinging Strike
2-1: Swinging Strike
2-2: Foul Ball, location: 2F
2-2: Strikes out swinging
Bottom of the 10th over - 0 runs, 0 hits, 0 errors, 0 left on base; Minnesota (NYP) 4 - Everett 4
TOP OF THE 11TH
Minnesota (NYP) Twins batting - Pitching for Everett AquaSox : RHP Dan Johnson
Batting: RHB Ton van Dijk 0-0: Fly out, F9 (Line Drive, 89S, EV 95.0 MPH)
Batting: RHB Caleb Bockmann 0-0: Called Strike
0-1: Swinging Strike
0-2: SOLO HOME RUN (Flyball, 7LD, EV 95.6 MPH), Distance : 360 ft
Batting: RHB Ioan Biros 0-0: Foul Ball, location: 2F
0-1: Ball
1-1: Swinging Strike
1-2: Ball
2-2: SINGLE (Groundball, 56S, EV 64.4 MPH) (infield hit)
Batting: RHB Sergio Gomez 0-0: Called Strike
0-1: Ball
1-1: Ball
2-1: Swinging Strike
2-2: Ball
3-2: Reached on error, E5 (Groundball, 5S, EV 91.2 MPH)
Ioan Biros to second
Batting: LHB Ryuuichi Shintani 0-0: Called Strike
0-1: Ball
1-1: Foul Ball, location: 2F
1-2: Ball
2-2: Strikes out swinging
Batting: RHB Steve Terrell 0-0: Called Strike
0-1: Ball
1-1: Called Strike
1-2: Ball
2-2: Ball
3-2: Base on Balls
Ioan Biros to third
Sergio Gomez to second
Pitching: RHP Jim Tremel
Batting: RHB Alexandre Garcia 0-0: Foul Ball, location: 2F
0-1: Fly out, F8 (Line Drive, 8RD, EV 110.6 MPH)
Top of the 11th over - 1 run, 2 hits, 1 error, 3 left on base; Minnesota (NYP) 5 - Everett 4
BOTTOM OF THE 11TH
Everett AquaSox batting - Pitching for Minnesota (NYP) Twins : LHP Yeijiro Kimura
Pinch Hitting: RHB Heihachiro Fujita 0-0: Called Strike
0-1: SINGLE (Groundball, 34S, EV 73.1 MPH) (infield hit)
Batting: RHB Eddie Luna 0-0: Swinging Strike
0-1: Ball
1-1: Swinging Strike
1-2: Ball
2-2: Foul Ball, location: 2F
2-2: Ball
3-2: Strikes out swinging
Batting: RHB Jwahir Pili 0-0: Ball
1-0: Ball
2-0: Fly out, F8 (Flyball, 78M, EV 89.4 MPH)
Pinch Hitting: RHB Roberto Medina 0-0: Called Strike
0-1: Foul Ball, location: 2F
0-2: Ball
1-2: Strikes out swinging
Bottom of the 11th over - 0 runs, 1 hit, 0 errors, 1 left on base; Minnesota (NYP) 5 - Everett 4
Tuesday, March 28th , 2023 - OOTP Baseball 23.10 Build 110